 Dungeon Crawl Stone Soup version 0.20.0 (webtiles) character file.

52 Llamajah the Shield-Bearer (level 4, 0/36 HPs)
             Began as a Formicid Fighter on June 19, 2017.
             Succumbed to an adder's poison
             ... on level 3 of the Dungeon.
             The game lasted 00:02:54 (1252 turns).

Llamajah the Shield-Bearer (Formicid Fighter)       Turns: 1252, Time: 00:02:54

Health: 0/36       AC:  6    Str: 21    XL:     4   Next: 8%
Magic:  4/4        EV:  7    Int:  8    God:
Gold:   56         SH:  8    Dex: 10    Spells: 3/3 levels left

rFire    . . .     SeeInvis +   a - +0 war axe
rCold    . . .     Gourm    .   c - +0 shield
rNeg     . . .     Faith    .   b - +0 scale mail
rPois    .         Spirit   .   (helmet unavailable)
rElec    .         Reflect  .   (no cloak)
rCorr    .         Harm     .   (no gloves)
MR       .....                  (no boots)
Stlth    ..........             (no amulet)
Regen    0.2/turn               (no ring)
MPRegen  0.1/turn               (no ring)

@: lethally poisoned (0 -> -7), heavily drained
A: permanent stasis, dig shafts and tunnels, four strong arms, antennae 3
a: Dig, Shaft Self


You were on level 3 of the Dungeon.
You were not hungry.

You visited 1 branch of the dungeon, and saw 3 of its levels.

You collected 56 gold pieces.

Inventory:

Hand Weapons
 a - a +0 war axe (weapon)
Armour
 b - a +0 scale mail (worn)
 c - a +0 shield (worn)
Scrolls
 e - 3 scrolls of noise {unknown}
 h - a scroll of fog {unknown}
 m - a scroll of magic mapping {unknown}
 n - a scroll of amnesia {unknown}
 o - 4 scrolls of remove curse {unknown}
Potions
 d - a potion of might
 j - a potion of resistance {unknown}
 k - a potion of curing {unknown}
Comestibles
 f - 4 bread rations
 g - a royal jelly
 i - 3 meat rations


   Skills:
 + Level 3.6(2.0) Fighting
 + Level 2.6(1.0) Axes
 + Level 3.7(2.1) Armour
 * Level 1.1(0.0) Dodging
 + Level 3.9(2.3) Shields


You had 3 spell levels left.
You didn't know any spells.

Dungeon Overview and Level Annotations

Branches:
Dungeon (3/15)

Altars:
Uskayaw
The Shining One


Innate Abilities, Weirdness & Mutations

You cannot be hasted, slowed, berserked, paralysed or teleported.
You can dig through walls and to a lower floor.
Your four strong arms can wield two-handed weapons with a shield.
You have a pair of large antennae on your head. (SInv)


Message History

* * * LOW HITPOINT WARNING * * *
You are more poisoned.
The adder poisons you!
You barely miss the adder.
The adder is heavily wounded.
* * * LOW HITPOINT WARNING * * *
You feel sick. The adder barely misses you. The adder closely misses you.
You closely miss the adder.
The adder is moderately wounded.
* * * LOW HITPOINT WARNING * * *
You feel sick. You block the adder's attack.
The adder bites you but does no damage.
You closely miss the adder.
The adder is moderately wounded.
* * * LOW HITPOINT WARNING * * *
You feel sick. You block the adder's attack. The adder bites you.
* * * LOW HITPOINT WARNING * * *
Your shield and scale mail prevent you from hitting the adder.
The adder is moderately wounded.
You die...

.........#
.........#
>.........
.........# #
.......).###.#
.............
..........##
......S@.<.#
.........#.#
........##...
###...... .###
#.###.. .. #..
##.... #.
##### #


You could see an adder.

Vanquished Creatures
  A gnoll (D:1)
  An adder (D:2)
  2 dart slugs (D:1)
  3 giant cockroaches (D:2)
  3 goblins
  2 hobgoblins
  8 bats
  A frilled lizard (D:2)
  2 kobolds (D:1)
  5 rats
28 creatures vanquished.

Notes
Turn   | Place    | Note
-------+----------+-------------------------------------------
     0 | D:1      | Llamajah the Formicid Fighter began the quest for the Orb.
     0 | D:1      | Reached XP level 1. HP: 18/18 MP: 1/1
   372 | D:1      | Reached XP level 2. HP: 24/24 MP: 2/2
   457 | D:1      | Reached XP level 3. HP: 15/29 MP: 3/3
   733 | D:1      | Found a glowing golden altar of the Shining One.
   829 | D:2      | Reached skill level 1 in Dodging
   851 | D:2      | Found a hide-covered altar of Uskayaw.
   854 | D:2      | Noticed a dagger
   855 | D:2      | Noticed a dagger
  1032 | D:2      | Reached XP level 4. HP: 35/35 MP: 4/4
  1251 | D:3      | HP: 1/36 [adder (1)]
  1252 | D:3      | Succumbed to an adder's poison

Skill      XL: |  1  2  3 |
---------------+----------+-----
Dodging        | 1 |  1.1
Fighting       | |  3.6
Axes           | |  2.6
Armour         | |  3.7
Shields        | |  3.9

Action                   |  1- 3 |  4- 6 || total
-------------------------+-------+-------++-------
Melee: War axe           |    62 |    35 ||    97
  Eat: Chunk             |       |     1 ||     1
Armor: Scale mail        |    42 |    15 ||    57
Dodge: Dodged            |    34 |    16 ||    50
Block: Shield            |    38 |    20 ||    58
